 Dungeon Crawl Stone Soup version 0.22.1-2-g9c5b331 (webtiles) character file.

74155 Fang the Severer (level 15, 0/100 HPs)
             Began as a Gargoyle Berserker on Dec 4, 2018.
             Was a High Priest of Trog.
             Killed from afar by Roxanne (30 damage)
             ... with a bolt of magma
             ... on level 15 of the Dungeon.
             The game lasted 00:33:15 (20135 turns).

Fang the Severer (Gargoyle Berserker)              Turns: 20135, Time: 00:33:15

Health: 0/100      AC: 18    Str: 37    XL:     15   Next: 45%
Magic:  24/24      EV: 18    Int: 10    God:    Trog [*****.]
Gold:   1499       SH:  0    Dex: 14    Spells: 14/14 levels left

rFire    . . .     SeeInvis .   t - +4 battleaxe "Ontis" {chop, MR+ Str+5}
rCold    . . .     Gourm    .   (shield currently unavailable)
rNeg     + . .     Faith    .   D - +2 robe "Itiepaj" {Regen+}
rPois    ∞         Spirit   .   n - +2 hat
rElec    +         Reflect  .   (no cloak)
rCorr    .         Harm     .   q - +0 pair of gloves
MR       ++...                  (no boots)
Stlth    ++........             a - amulet of regeneration
HPRegen  1.06/turn              L - +4 ring of strength
MPRegen  0.19/turn              R - ring "Vaplah" {MP+9 Int+3 Dex+5 Stlth-}

@: berserk cooldown, flying, slowed, very slow
A: big wings, negative energy resistance 1, electricity resistance, unbreathing,
petrification resistance, rot immunity, AC +11
a: Stop Flying, Berserk, Trog's Hand, Brothers in Arms, Renounce Religion


You were on level 15 of the Dungeon.
You worshipped Trog.
Trog was extremely pleased with you.
You were near starving.

You visited 3 branches of the dungeon, and saw 22 of its levels.
You also visited: Sewer.

You collected 1499 gold pieces.

Inventory:

Hand Weapons
 t - the +4 battleaxe "Ontis" (weapon) {chop, MR+ Str+5}
   (Trog gifted it to you on level 5 of the Lair of Beasts)

   It inflicts extra damage upon your enemies.
   It affects your strength (+5).
   It affects your resistance to hostile enchantments.
 G - a +4 battleaxe
 I - a +3 antimagic battleaxe
Armour
 l - a +4 ring mail of cold resistance
 n - a +2 hat (worn)
 p - a +4 plate armour
 q - a +0 pair of gloves (worn)
 D - the +2 robe "Itiepaj" (worn) {Regen+}
   (You found it on level 5 of the Dungeon)

   It increases your rate of regeneration.
Jewellery
 a - an amulet of regeneration (around neck)
 u - a +4 ring of evasion
 A - an uncursed ring of resist corrosion
 E - an uncursed ring of positive energy
 L - a +4 ring of strength (left hand)
 R - the ring "Vaplah" (right hand) {MP+9 Int+3 Dex+5 Stlth-}
   (You found it on level 5 of the Lair of Beasts)

   [ring of magical power]

   It affects your intelligence (+3).
   It affects your dexterity (+5).
   It affects your magic capacity (+9).
   It makes you less stealthy.
Wands
 e - a wand of random effects (106)
 g - a wand of polymorph (34)
 k - a wand of digging (14)
 m - a wand of iceblast (29)
 r - a wand of flame (22)
 F - a wand of paralysis (27)
 N - a wand of enslavement (18)
Scrolls
 d - 3 scrolls of fear
 i - 14 scrolls of teleportation
 j - 8 scrolls of remove curse
 o - 3 scrolls of blinking
 w - 2 scrolls of fog
 x - a scroll of magic mapping
 M - a scroll of enchant weapon
 S - 7 scrolls of identify
Potions
 b - 6 potions of lignification
 f - 3 potions of heal wounds
 h - 2 potions of brilliance
 s - 4 potions of ambrosia
 v - a potion of haste
 B - a potion of resistance
 C - 10 potions of curing
 H - 3 potions of magic
 J - 2 potions of cancellation
 K - 2 potions of berserk rage
 O - 5 potions of agility
 P - 3 potions of might
Comestibles
 c - 37 rations


   Skills:
 + Level 13.7 Fighting
 + Level 17.8 Axes
 + Level 4.4 Armour
 + Level 9.6 Dodging
 + Level 5.8 Stealth


You had 14 spell levels left.
You didn't know any spells.
Your spell library was empty.

Dungeon Overview and Level Annotations

Branches:
Dungeon (15/15)            Temple (1/1) D:4            Lair (6/6) D:10
 Shoals (0/4) Lair:3        Snake (0/4) Lair:2        Slime (0/5) Lair:6
    Orc (0/2) D:10         Vaults (0/5) D:14         Depths (0/5) D:15

Altars:
Cheibriados
Dithmenos
Elyvilon
Gozag
Hepliaklqana
Kikubaaqudgha
Makhleb
Nemelex Xobeh
Okawaru
Qazlal
Sif Muna
Trog
Uskayaw
Vehumet
Zin
The Shining One
Beogh

Shops:
D:5 :   D:7 =   D:10 ?   D:11 }   D:13 ?   D:15 *

Annotations:
D:8 2 runed doors
D:12 Nessos
D:15 Azrael; Roxanne
Lair:1 3 runed doors, JeronimusCornelisz's ghost, journeyman MiBe; ck1fx's ghost, journeyman GrMo
Lair:3 exclusion: 5 oklob plants


Innate Abilities, Weirdness & Mutations

You are resistant to torment.
Your stone body is resilient. (AC +11)
You are immune to poison.
Your large and strong wings let you fly indefinitely.
You resist negative energy. (rN+)
You are resistant to electric shocks. (rElec)
You can survive without breathing.
You are immune to petrification.
You are immune to rotting.


Message History

The rakshasa weaves an illusion.
The fire dragon skeleton shimmers and seems to become two!
The rakshasa hits you from afar with a trident.
Azrael closely misses you.
Unknown command.
The rakshasa hits you from afar with a trident!
Azrael gestures at you.
The sphere of damnation explodes!
The damnation engulfs you!
* * * LOW HITPOINT WARNING * * *
You hear a screech!
Something shouts, "Get thee gone, thou foisting earth-vexing strumpet!"
Unknown command.
Azrael gestures at you. The sticky flame misses you.
Unknown command.
You feel much better.
Your surroundings suddenly seem different.
Roxanne casts a spell.
The bolt of magma hits you!
You die...

##.......##
.##......#........(#
..#......#...((....#
#........#.........#
#.......#(....<...#
#......#.....))..# ...P.##
#............)(.## ..P...#
#......#.........####
......## #..@..(...........#
.......
.........#........)...#
.P..8#
.....%...#............#
§§.P.#
.....8...#.........####
§§§.#####.........##.......##
§(§§..............##.......#
#.#.#####.........##..#..#.#
#...### #######.....##..#.#
#.....# #..##..#.######


You could see Roxanne.

Vanquished Creatures
  A dire elephant (Lair:6)
  A fire dragon (Lair:6)
  Fannar (Lair:1)
  An ogre mage (D:14)
  Harold (D:7)
  Josephine (D:12)
  3 vault guards (D:14)
  A catoblepas (Lair:6)
  3 hydras (Lair:6)
  8 death yaks
  5 centaur warriors
  A death knight (D:12)
  A vampire mage (D:15)
  A skeletal warrior (D:15)
  4 unseen horrors
  A swamp dragon (Lair:6)
  A shadow dragon zombie (D:15)
  2 lindwurms (Lair:6)
  3 wizards (D:14)
  2 orc knights (D:14)
  An ugly thing (D:13)
  A wolf spider zombie (D:12)
  5 manticores
  2 cyclopes (D:14)
  8 elephants
  2 black mambas
  A stone giant skeleton (D:15)
  Maurice (D:11)
  2 centaur skeletons
  7 spiny frogs
  A gargoyle (D:14)
  Psyche (D:11)
  12 komodo dragons
  6 yaktaurs (D:14)
  A freezing wraith (D:12)
  5 rime drakes (Lair:6)
  2 trolls
  A polar bear (Lair:6)
  4 slime creatures (D:14)
  3 dream sheep (Lair:6)
  An ettin zombie (D:15)
  10 blink frogs
  11 hippogriffs
  A spriggan (D:7)
  43 yaks
  7 wraiths (D:12)
  2 humans
  4 basilisks
  5 wyverns
  Grum (D:8)
  2 hungry ghosts
  3 fire elementals (D:15)
  Menkaure (D:6)
  4 steam dragons
  5 acid dragons
  A soldier ant (D:14)
  14 water moccasins
  2 hell hounds (D:15)
  A swamp drake (Lair:6)
  2 porcupines
  5 ice beasts
  7 orc warriors
  3 phantoms
  6 sky beasts
  4 black bears
  2 necrophages
  8 ogres
  9 wolves
  13 centaurs
  11 crocodiles
  A big kobold (Sewer)
  A wyvern zombie (D:14)
  24 bullfrogs
  A water moccasin zombie (D:8)
  A wyvern skeleton (D:8)
  6 scorpions
  4 killer bees (D:8)
  5 wights (D:11)
  3 howler monkeys
  3 electric eels
  9 crimson imps
  A gnoll shaman (D:8)
  16 jellies
  9 orc priests
  Crazy Yiuf (D:2)
  6 hounds
  13 orc wizards
  6 bullfrog skeletons
  Terence (D:2)
  4 iguanas
  Natasha (thrice) (D:4)
  8 worker ants
  A hound skeleton (D:8)
  A worker ant zombie (D:5)
  12 gnolls
  12 adders
  A river rat (Sewer)
  4 shadow imps
  12 oozes
  3 worms
  2 dart slugs
  5 leopard geckos
  34 orcs
  A ball python (D:1)
  2 giant cockroaches
  6 goblins
  5 hobgoblins
  3 jackals
  9 kobolds
  3 quokkas
  8 bats
  7 frilled lizards
  2 leopard gecko skeletons
  A leopard gecko zombie (D:9)
  A quokka skeleton (D:8)
  A quokka zombie (D:7)
  12 rats
  3 fungi
  9 plants
582 creatures vanquished.

Vanquished Creatures (collateral kills)
  Erolcha (D:12)
  3 hydras
  An orc knight (D:10)
  A centaur zombie (D:12)
  A black mamba (Lair:1)
  A spiny frog (Lair:1)
  A rime drake (Lair:3)
  2 freezing wraiths (D:12)
  2 trolls
  A hippogriff (D:12)
  A water moccasin (Lair:6)
  2 orc warriors (D:10)
  A crocodile (D:12)
  8 wights (D:11)
  A bullfrog zombie (D:11)
  4 orc priests
  2 worker ants (D:12)
  15 orcs
48 creatures vanquished.

Vanquished Creatures (others)
  A cyclops (D:15)
  6 fungi
  6 plants
  6 withered plants (Lair:1)
19 creatures vanquished.

Grand Total: 649 creatures vanquished

Notes
Turn   | Place    | Note
-------+----------+-------------------------------------------
     0 | D:1      | Fang the Gargoyle Berserker began the quest for the Orb.
     0 | D:1      | Reached XP level 1. HP: 14/14 MP: 1/1
   110 | D:1      | Reached XP level 2. HP: 19/19 MP: 2/2
   253 | D:1      | Reached skill level 3 in Axes
   609 | D:2      | Found a stormy altar of Qazlal.
   665 | D:2      | Reached XP level 3. HP: 6/24 MP: 3/3
   836 | D:2      | Noticed Terence
   846 | D:2      | Killed Terence
  1047 | D:2      | Reached XP level 4. HP: 15/29 MP: 4/4
  1199 | D:2      | Found a hazy altar of Hepliaklqana.
  1359 | D:2      | Found a runed door.
  1440 | D:2      | Reached skill level 4 in Axes
  1804 | D:2      | Reached ** piety under Trog
  1955 | D:2      | Noticed Crazy Yiuf
  1964 | D:2      | Killed Crazy Yiuf
  1964 | D:2      | Reached XP level 5. HP: 33/33 MP: 5/5
  2756 | D:4      | Reached XP level 6. HP: 36/39 MP: 6/6
  2757 | D:4      | Found a bloodstained altar of Trog.
  2831 | D:4      | Noticed Natasha
  2841 | D:4      | Killed Natasha
  3000 | D:4      | Noticed a sky beast
  3017 | D:4      | Killed a sky beast
  3017 | D:4      | Reached skill level 5 in Axes
  3134 | D:4      | Found a glowing golden altar of the Shining One.
  3149 | D:4      | Noticed Natasha
  3160 | D:4      | Killed Natasha
  3178 | D:4      | Noticed Natasha
  3189 | D:4      | Killed Natasha
  3189 | D:4      | Reached XP level 7. HP: 40/44 MP: 7/7
  3236 | D:4      | Found a snail-covered altar of Cheibriados.
  3277 | D:4      | Found a staircase to the Ecumenical Temple.
  3391 | Temple   | Entered the Ecumenical Temple
  3436 | D:5      | Entered Level 5 of the Dungeon
  3436 | D:5      | Found an iron altar of Okawaru.
  3532 | D:5      | Reached *** piety under Trog
  3542 | D:5      | Reached skill level 5 in Fighting
  3848 | D:5      | Reached skill level 6 in Axes
  4013 | D:5      | Found Muidgh's Book Emporium.
  4129 | D:5      | Found a glowing drain.
  4138 | Sewer    | Entered a sewer
  4232 | Sewer    | Reached XP level 8. HP: 33/50 MP: 8/8
  4247 | Sewer    | Found a white marble altar of Elyvilon.
  4772 | D:5      | Got a tattered robe
  4783 | D:5      | Identified the +2 robe "Itiepaj" {Regen+} (You found it on
                  | level 5 of the Dungeon)
  4828 | D:6      | Noticed Menkaure
  4843 | D:6      | Killed Menkaure
  5027 | D:6      | Reached skill level 7 in Axes
  5381 | D:6      | Reached **** piety under Trog
  5381 | D:6      | Reached XP level 9. HP: 43/55 MP: 9/9
  5456 | D:6      | Found a deep blue altar of Sif Muna.
  5497 | D:6      | Reached skill level 8 in Axes
  5841 | D:7      | Found a shadowy altar of Dithmenos.
  6122 | D:7      | Reached skill level 1 in Stealth
  6139 | D:7      | Reached skill level 9 in Axes
  6273 | D:7      | Found a hide-covered altar of Uskayaw.
  6273 | D:7      | Found an ancient bone altar of Kikubaaqudgha.
  6515 | D:7      | Found Qeocu's Jewellery Boutique.
  6529 | D:7      | Noticed Harold
  6606 | D:6      | Reached skill level 5 in Dodging
  6808 | D:7      | Killed Harold
  6808 | D:7      | Reached skill level 10 in Axes
  6808 | D:7      | Reached XP level 10. HP: 63/63 MP: 10/10
  6949 | D:7      | Found a burning altar of Makhleb.
  6950 | D:7      | Found a radiant altar of Vehumet.
  7341 | D:8      | Noticed Grum
  7358 | D:8      | Killed Grum
  7377 | D:8      | Found a stormy altar of Qazlal.
  7693 | D:8      | Found a glowing silver altar of Zin.
  7837 | D:8      | Found a runed door.
  7896 | D:8      | Reached ***** piety under Trog
  7945 | D:8      | Found a runed door.
  8381 | D:9      | Found a white marble altar of Elyvilon.
  8516 | D:9      | Reached skill level 11 in Axes
  8584 | D:9      | Reached XP level 11. HP: 64/68 MP: 11/11
  8976 | D:9      | Found a sparkling altar of Nemelex Xobeh.
  9483 | D:10     | Entered Level 10 of the Dungeon
  9494 | D:10     | Reached skill level 12 in Axes
  9539 | D:10     | Received a gift from Trog
  9690 | D:10     | Found a staircase to the Lair.
  9779 | D:10     | Found a roughly hewn altar of Beogh.
  9779 | D:10     | Found a staircase to the Orcish Mines.
  9785 | D:10     | Noticed an orc knight
  9812 | D:10     | Killed an orc knight
 10056 | D:10     | Found Axuplime's Magic Scroll Shop.
 10372 | D:11     | Found Fathakhlu's Gadget Shop.
 10385 | D:11     | Noticed Maurice
 10415 | D:11     | Killed Maurice
 10451 | D:11     | Received a gift from Trog
 10611 | D:11     | Reached skill level 13 in Axes
 10618 | D:11     | Reached XP level 12. HP: 76/76 MP: 12/12
 10728 | D:11     | Noticed Psyche
 10736 | D:11     | Killed Psyche
 10761 | Lair:1   | Entered Level 1 of the Lair of Beasts
 10917 | Lair:1   | Noticed a five-headed hydra
 10923 | Lair:1   | Killed a five-headed hydra
 11158 | Lair:1   | Noticed Fannar
 11198 | Lair:1   | Killed Fannar
 11374 | Lair:1   | Found a runed gate.
 11375 | Lair:1   | Found a runed gate.
 11376 | Lair:1   | Found a runed gate.
 11377 | Lair:1   | Noticed ck1fx's ghost (journeyman GrMo)
 11377 | Lair:1   | Noticed JeronimusCornelisz's ghost (journeyman MiBe)
 11533 | Lair:1   | Reached skill level 10 in Fighting
 12017 | Lair:2   | Found a staircase to the Snake Pit.
 12375 | Lair:2   | Reached skill level 14 in Axes
 12999 | Lair:3   | Noticed a five-headed hydra
 13010 | Lair:3   | Killed a five-headed hydra
 13275 | Lair:3   | Found a staircase to the Shoals.
 13674 | Lair:3   | Reached XP level 13. HP: 80/83 MP: 13/13
 14941 | Lair:5   | Got a clouded brass ring
 14956 | Lair:5   | Identified the ring "Vaplah" {MP+9 Int+3 Dex+5 Stlth-} (You
                  | found it on level 5 of the Lair of Beasts)
 15316 | Lair:5   | Received a gift from Trog
 15334 | Lair:5   | Got a pitted battleaxe {god gift}
 15335 | Lair:5   | Identified the +4 battleaxe "Ontis" {chop, MR+ Str+5} (Trog
                  | gifted it to you on level 5 of the Lair of Beasts)
 15493 | Lair:5   | Reached skill level 15 in Axes
 16055 | Lair:6   | Entered Level 6 of the Lair of Beasts
 16215 | Lair:6   | Reached skill level 5 in Stealth
 16261 | Lair:6   | Found a labyrinth entrance.
 16305 | Lair:6   | Gained mutation: Your large and strong wings let you fly
                  | indefinitely. [Gargoyle growth]
 16305 | Lair:6   | Reached XP level 14. HP: 68/92 MP: 14/14
 16595 | Lair:6   | Found a staircase to the Slime Pits.
 16694 | Lair:6   | Reached skill level 16 in Axes
 17485 | Lair:6   | Noticed a dire elephant
 17491 | Lair:6   | Killed a dire elephant
 17786 | D:12     | Noticed Josephine
 17799 | D:12     | Killed Josephine
 17870 | D:12     | Noticed Nessos
 17884 | D:12     | Noticed Erolcha
 17886 | D:12     | Killed Erolcha
 18460 | D:13     | Found Ixkekkat's Magic Scroll Shoppe.
 18622 | D:13     | Found an opulent altar of Gozag.
 18715 | D:13     | Reached skill level 17 in Axes
 19089 | D:14     | Reached XP level 15. HP: 72/99 MP: 15/15
 19562 | D:14     | Paralysed by an ogre mage for 4 turns
 19786 | D:14     | Found a gate to the Vaults.
 19959 | D:15     | Entered Level 15 of the Dungeon
 19984 | D:15     | Noticed Roxanne
 20038 | D:15     | Found Warisata's Demolitions Depot.
 20088 | D:15     | Found a staircase to the Depths.
 20089 | D:15     | Noticed Azrael
 20135 | D:15     | Killed from afar by Roxanne

Skill      XL: |  1  2  3  4  5  6  7  8  9 10 11 12 13 14 |
---------------+-------------------------------------------+-----
Axes           | 3 4 5 6 7 10 11 13 14 15 17 | 17.8
Dodging        | 2 3 4 5 6 7 8 9 |  9.6
Fighting       | 4 5 6 7 8 9 10 12 13 | 13.7
Armour         | 3 4 |  4.4
Stealth        | 1 3 4 5 |  5.8

Action                   |  1- 3 |  4- 6 |  7- 9 | 10-12 | 13-15 || total
-------------------------+-------+-------+-------+-------+-------++-------
Melee: Hand axe          |    70 |   247 |   544 |   207 |       ||  1068
       Trident           |       |       |     9 |       |       ||     9
       War axe           |       |       |       |   257 |       ||   257
       Battleaxe         |       |       |       |   305 |   567 ||   872
Invok: Berserk           |     2 |     1 |     9 |     7 |    14 ||    33
       Brothers in Arms  |       |       |     1 |     5 |     7 ||    13
 Abil: Fly               |       |       |       |       |     1 ||     1
Evoke: Wand              |       |       |       |     1 |       ||     1
  Use: Scroll            |       |       |    20 |    12 |     6 ||    38
       Potion            |       |       |     2 |     2 |     5 ||     9
 Stab: Sleeping          |       |       |       |     4 |     6 ||    10
       Confused          |       |       |       |       |     1 ||     1
       Petrified         |       |       |       |       |     1 ||     1
  Eat: Chunk             |     2 |     7 |    11 |    29 |    27 ||    76
       Ration            |       |       |     3 |     1 |     3 ||     7
Armor: Animal skin       |    34 |       |       |       |       ||    34
       Ring mail         |       |   125 |   144 |       |       ||   269
       Robe              |       |       |    97 |   226 |   312 ||   635
Dodge: Dodged            |    50 |   137 |   402 |   676 |   519 ||  1784
